[Event "ESP-ch Teams Honor 2024"]
[Site "Melilla"]
[Date "2024.10.12"]
[Round "1.21"]
[White "Vokhidov, Shamsiddin"]
[Black "Henderson de La Fuente, Lance"]
[Result "1-0"]
[ECO "C54"]
[WhiteElo "2668"]
[BlackElo "2525"]
[Annotator "TA"]
[PlyCount "91"]
[EventDate "2024.10.11"]
[EventType "team-tourn"]
[EventCountry "ESP"]
[SourceTitle "playchess.com"]
[Source "ChessBase"]
[SourceQuality "1"]
[WhiteTeam "Andreu"]
[BlackTeam "Solvay"]
[TimeControl "5400+30"]

1. e4 e5 2. Nf3 Nc6 3. Bc4 Bc5 4. c3 Nf6 5. d3 d6 6. b4 Bb6 7. a4 a6 8. O-O h6 9. Nbd2 O-O 10. Re1 Ne7 11. d4 Ng6 12. Bf1 {[%emt 0:04:36] The position is equal.} Be6 13. h3 (13. a5 $5 Ba7 $8 14. h3 $11) 13... Ba7 14. Bb2 Re8 15. c4 a5 16. b5 exd4 17. Nxd4 Nd7 18. N2b3 Bb6 (18... Nge5 $11 {should be considered.}) 19. g3 $14 Nge5 20. Rc1 Nc5 21. Nxc5 Bxc5 22. f4 {[%emt 0:01:29][%cal Og1h1] Hoping for Kh1!} f6 23. Kh2 (23. fxe5 $2 {is the wrong capture.} dxe5 24. Kh2 exd4 $19 (24... Bxd4 $2 25. Bxd4 Qxd4 26. Qxd4 $19)) 23... Bxd4 24. Bxd4 Nd7 25. Bg2 Rb8 26. Rc3 $36 {[%emt 0:03:17][%mdl 2048] White has the initiative.} b6 27. g4 Bf7 (27... g5 $11 {remains equal.}) 28. h4 {[%emt 0:01:04] White is more active.} Nc5 29. Rg3 Ne6 30. Be3 Nc5 {[%emt 0:10:44] [#]} (30... g5 $16 31. f5 Nf4) 31. Bc1 $1 $18 {[%emt 0:07:57] g5 is the strong threat.} Re6 {[%emt 0:05:23] [#]} (31... Qe7 {was necessary.} 32. g5 Kh8) 32. f5 $1 Re5 33. g5 hxg5 34. hxg5 Kf8 35. Rh3 {[%emt 0:03:10] And now Rh8+ would win.} Bg8 36. Qg4 Nd7 37. Rh8 Qe8 38. Re3 fxg5 $2 (38... Qf7 {might work better.} 39. Bb2 Rbe8) 39. Rg3 Nf6 40. Qxg5 Qf7 41. Qh4 {[%emt 0:00:21][%cal Og3g7] aiming for Rxg7!} Rbe8 {[%emt 0:02:17][%cal Re5e4] [#]} 42. Rxg7 $3 Qxg7 43. Bh6 Qxh6 44. Rxh6 Nd7 45. Rh8 (45. Rg6 $142 Bf7 46. Qh6+ Ke7 47. Qg5+ Kf8 48. Rh6 Bg8 49. Rh8 (49. c5 R5e7 $18) 49... Kf7 50. Qg6+ Ke7 51. Rxg8 Rxg8 52. Qxg8) 45... Kf7 46. Bf3 {[%emt 0:00:12] Weighted Error Value: White=0.10 (very precise) /Black=0.55.  Mistake:       	---       	Black=5      Inaccurate:     	White=1     	Black=1      OK:         	White=14    	Black=13     Best:        	White=1     	Black=2      Strong:       	White=1     	---        Brilliant:      	White=1     	---} 1-0

[Event "ESP-ch Teams Honor 2024"]
[Site "Melilla"]
[Date "2024.10.12"]
[Round "1.22"]
[White "Korneev, Oleg"]
[Black "Arizmendi Martinez, Julen Luis"]
[Result "1/2-1/2"]
[ECO "C93"]
[WhiteElo "2454"]
[BlackElo "2507"]
[Annotator "TA"]
[PlyCount "61"]
[EventDate "2024.10.11"]
[EventType "team-tourn"]
[EventCountry "ESP"]
[SourceTitle "playchess.com"]
[Source "ChessBase"]
[SourceQuality "1"]
[WhiteTeam "Solvay"]
[BlackTeam "Andreu"]
[TimeControl "5400+30"]

1. e4 e5 2. Nf3 Nc6 3. Bb5 a6 4. Ba4 Nf6 5. O-O Be7 6. Re1 b5 7. Bb3 d6 8. c3 O-O 9. h3 h6 10. d4 Bd7 11. Nbd2 Re8 12. Nf1 a5 {[%emt 0:04:44] White has an edge.} 13. d5 Na7 14. a4 c6 15. dxc6 Bxc6 16. Ng3 Qb8 (16... bxa4 $14 17. Bxa4 Qc7) 17. Nh2 {[%emt 0:15:28] And now Ng4 would win.} bxa4 18. Bxa4 Bxa4 19. Rxa4 Nc8 20. Ng4 Nb6 21. Nf5 {[%emt 0:04:38] Hoping for Nxe7+.} Nbd7 (21... Nxa4 $142 22. Nxe7+ Kh8 (22... Rxe7 23. Nxf6+ Kh8 24. Nd5 $16)) 22. Qf3 {[%emt 0:14:25][%cal Oc1h6] Bxh6! is the strong threat. White has more active pieces.} h5 {[%emt 0:07:32] [#]} (22... Kh8 $142) 23. Ngh6+ $1 $18 Kf8 {[%emt 0:00:20][%cal Bg8f8,Bf8g7,Bg7f7][%mdl 32] [#]} 24. Qg3 g6 25. Nh4 $1 {[%emt 0:00:25][%cal Oh4g6] Intending Nxg6+! and mate.} (25. Nxe7 $6 Rxe7 26. Qg5 Qb5 $11) 25... Kg7 {[%emt 0:07:17] [#]} 26. Nxf7 $1 Kxf7 $16 27. Qxg6+ Ke6 28. Qf5+ {[%emt 0:11:53] Chess con chili.} ({And not} 28. Nf5 Rg8 29. Ng7+ Rxg7 30. Qxg7 Nc5 $17) ({White should try} 28. f4 $16 Nc5 29. Be3 Nxa4 30. Qf5+ Kf7 31. Qg6+ Ke6 (31... Kf8 32. Nf5 Rd8 33. Qg7+ Ke8 34. Qxe7#) 32. Qf5+ Kf7 33. Qg6+ Ke6 (33... Kf8 34. Nf5 Rd8 35. Qg7+ Ke8 36. Qxe7#)) 28... Kf7 $11 29. Qg6+ (29. Ra1 $11) 29... Ke6 $16 30. Qf5+ ({Not} 30. Nf5 Rg8 31. Ng7+ Rxg7 32. Qxg7 Nc5 $19) (30. f4 $16 Nc5 31. Qf5+ Kf7 32. Rc4) 30... Kf7 $11 31. Qg6+ {[%emt 0:00:28] Weighted Error Value: White=0.28 (precise) /Black=0.25 (precise) .  Mistake:       	White=4     	Black=3      Inaccurate:     	White=1     	Black=2      OK:         	White=7     	Black=8      Best:        	---       	Black=2      Strong:       	White=1     	---} 1/2-1/2

[Event "ESP-ch Teams Honor 2024"]
[Site "Melilla"]
[Date "2024.10.12"]
[Round "1.23"]
[White "Macias Pino, Diego"]
[Black "Javakhishvili, Lela"]
[Result "1/2-1/2"]
[ECO "C67"]
[WhiteElo "2479"]
[BlackElo "2425"]
[Annotator "TA"]
[PlyCount "43"]
[EventDate "2024.10.11"]
[EventType "team-tourn"]
[EventCountry "ESP"]
[SourceTitle "playchess.com"]
[Source "ChessBase"]
[SourceQuality "1"]
[WhiteTeam "Andreu"]
[BlackTeam "Solvay"]
[TimeControl "5400+30"]

1. e4 e5 2. Nf3 Nc6 3. Bb5 Nf6 4. O-O Nxe4 5. Re1 Nd6 6. Nxe5 Be7 7. Bf1 Nf5 8. Nf3 O-O 9. d4 d5 {[%emt 0:00:14] White has an edge.} 10. c4 dxc4 11. d5 Nb4 12. Bxc4 Nd6 13. Bb3 Bf5 14. Be3 Bf6 15. Nd4 Bg6 16. Nc3 Nd3 17. Re2 Ne5 18. Bf4 Nd3 19. Be3 Ne5 20. Bf4 Nd3 21. Be3 Ne5 ({Better is} 21... a6 $15) 22. Bf4 {Weighted Error Value: White=0.08 (flawless) /Black=0.13 (very precise) .  Mistake:       	---       	Black=1      Inaccurate:     	White=3     	Black=1      OK:         	White=10    	Black=8      Best:        	---       	Black=2} 1/2-1/2

[Event "ESP-ch Teams Honor 2024"]
[Site "Melilla"]
[Date "2024.10.12"]
[Round "1.24"]
[White "Tejedor Fuente, Enrique"]
[Black "Vega Gutierrez, Belinda"]
[Result "1-0"]
[ECO "C65"]
[WhiteElo "2400"]
[BlackElo "2168"]
[Annotator "RC"]
[PlyCount "151"]
[EventDate "2024.10.11"]
[EventType "team-tourn"]
[EventCountry "ESP"]
[SourceTitle "playchess.com"]
[Source "ChessBase"]
[SourceQuality "1"]
[WhiteTeam "Solvay"]
[BlackTeam "Andreu"]
[TimeControl "5400+30"]

1. e4 e5 2. Nf3 Nc6 3. Bb5 Nf6 4. O-O Be7 5. Re1 d6 6. c3 Bd7 7. d4 O-O 8. d5 Nb8 9. Bd3 Bg4 10. c4 Nbd7 11. Nc3 Nc5 12. Bc2 a5 13. b3 Nfd7 14. h3 Bxf3 15. Qxf3 Bg5 16. Bb2 a4 17. Rab1 a3 18. Ba1 Na6 19. b4 Nb6 20. Qe2 c5 21. dxc6 bxc6 22. Red1 Qc7 23. g3 Rfb8 24. h4 Be7 25. Kh2 Bf8 26. Bd3 Nd7 27. b5 Nac5 28. Bc2 Ne6 29. Rd2 Nd4 30. Qd1 Nc5 31. Bd3 g6 32. Bf1 Bh6 33. Rxd4 exd4 34. Qxd4 Ne6 35. Nd5 Nxd4 36. Nxc7 Nf3+ 37. Kg2 Nd2 38. Rd1 Ra7 39. Na6 Rc8 40. Bd3 cxb5 41. cxb5 Nc4 42. Bxc4 Rxc4 43. Rxd6 Rc8 44. b6 Rb7 45. Nc7 Bf8 46. Rc6 Be7 47. Be5 Bd8 48. h5 gxh5 49. Kh3 Be7 50. g4 hxg4+ 51. Kxg4 f6 52. Bf4 Kf7 53. Kf5 Bd8 54. Ne6 Rxc6 55. Nxd8+ Ke8 56. Nxb7 Rxb6 57. Nd6+ Kd7 58. Kxf6 Rb8 59. e5 Rf8+ 60. Nf7 Re8 61. Ng5 Rf8+ 62. Nf7 Re8 63. Bc1 Re6+ 64. Kf5 Ra6 65. Ng5 h6 66. Ne4 Ke7 67. Nf6 Kf7 68. f3 Rc6 69. Bxa3 Ra6 70. Bd6 Ra5 71. a3 Rb5 72. Bb4 Rb6 73. f4 Rb5 74. a4 Rxb4 75. e6+ Kf8 76. e7+ 1-0

[Event "ESP-ch Teams Honor 2024"]
[Site "Melilla"]
[Date "2024.10.13"]
[Round "2.1"]
[White "Puranik, Abhimanyu"]
[Black "Aravindh, Chithambaram VR."]
[Result "1/2-1/2"]
[ECO "A20"]
[WhiteElo "2639"]
[BlackElo "2698"]
[Annotator "TA"]
[PlyCount "78"]
[EventDate "2024.10.11"]
[EventType "team-tourn"]
[EventCountry "ESP"]
[SourceTitle "playchess.com"]
[Source "ChessBase"]
[SourceQuality "1"]
[WhiteTeam "Sestao"]
[BlackTeam "Solvay"]
[TimeControl "5400+30"]

1. c4 e5 2. g3 Nf6 3. Bg2 c6 4. d4 e4 5. a3 d5 6. Nc3 Be7 7. f3 exf3 8. Nxf3 O-O 9. O-O dxc4 10. e4 h6 11. h3 Na6 12. Kh2 {[%emt 0:05:33][%mdl 1024] White has compensation.} b5 13. Be3 Nc7 14. Nh4 a5 15. Nf5 b4 16. Na4 Rb8 {[%emt 0:18:09] Against Nb6} 17. axb4 axb4 18. Qc2 (18. Rc1 $11) 18... Bxf5 $15 19. Rxf5 Nb5 $1 20. Rd1 (20. Qxc4 Nd6 21. Qf1 Nxf5 (21... Nfxe4 22. Rf4 $11) (21... Ndxe4 22. Qd3 $15) 22. Qxf5 Qc8 23. Qxc8 Rfxc8 $17) 20... b3 (20... Ra8 $15 {was preferrable.} 21. Rff1 Qa5) 21. Qc1 $1 $11 {[%emt 0:01:51][%cal Od4d5] next d5! is good for White.} (21. Qxc4 Nd6 22. Qf1 Nxf5 (22... Nfxe4 23. Re5 $11) (22... Ndxe4 23. Qd3 $11) 23. Qxf5 Qd7 $17) 21... Ra8 $132 {[%emt 0:12:12][%mdl 2048] Black has counterplay} 22. Nc3 (22. Qxc4 $2 Nd6 23. Qxb3 Nxf5 (23... Nfxe4 24. Re5 $14) (23... Ndxe4 24. Nc3 $11) 24. exf5 Bd6 $19) 22... Nxc3 23. Qxc3 Ra4 24. d5 cxd5 {[%emt 0:04:32] Threatens to win with ...Qc8.} 25. e5 $1 Bb4 $2 (25... Nd7 $11 {and Black is okay.}) 26. Qd4 $18 Qc8 27. Rdf1 Nd7 {[%emt 0:00:08] [#]} (27... Ne4) 28. Rxf7 $3 Rxf7 29. Bxd5 Nf8 30. Bxf7+ {[%emt 0:01:30] This pair of bishops is nice.} Kh8 {[%emt 0:00:15] [#]} 31. Bxh6 $1 Bc5 32. Qh4 gxh6 33. Rf6 $2 ({Stronger than} 33. Qxh6+ Nh7 $15) ({Only move:} 33. Qf6+ $18 Kh7 34. e6) 33... Be3 $11 {[%emt 0:00:46] The position is equal.} 34. Rg6 {[%emt 0:01:04] Intending Qf6+ and mate.} Qf5 {[%emt 0:00:25] ( -> ...Qf2+)} ({And not} 34... Nxg6 35. Qf6+ Kh7 36. Bxg6+ Kg8 37. Qf7+ Kh8 38. Qh7#) 35. Qf6+ $1 ({Avoid the trap} 35. Rg8+ $2 Kh7 $19) 35... Qxf6 36. Rg8+ Kh7 37. exf6 Bc5 38. Rg7+ Kh8 39. Rg8+ Kh7 {[%emt 0:00:04] Blacks defense is rewarded with a draw.   Weighted Error Value: White=0.24 (precise) /Black=0.16 (very precise) .  Loses game:     	---       	Black=1      Mistake:       	White=1     	Black=2      Inaccurate:     	---       	Black=1      OK:         	White=9     	Black=11     Best:        	White=2     	Black=3      Strong:       	White=3     	Black=1} 1/2-1/2

[Event "ESP-ch Teams Honor 2024"]
[Site "Melilla"]
[Date "2024.10.13"]
[Round "2.2"]
[White "Ivanchuk, Vasyl"]
[Black "Svane, Frederik"]
[Result "1/2-1/2"]
[ECO "B93"]
[WhiteElo "2632"]
[BlackElo "2655"]
[Annotator "TA"]
[PlyCount "45"]
[EventDate "2024.10.11"]
[EventType "team-tourn"]
[EventCountry "ESP"]
[SourceTitle "playchess.com"]
[Source "ChessBase"]
[SourceQuality "1"]
[WhiteTeam "Solvay"]
[BlackTeam "Sestao"]
[TimeControl "5400+30"]

1. e4 c5 2. Nf3 d6 3. d4 cxd4 4. Nxd4 Nf6 5. Nc3 a6 6. f4 g6 7. Nf3 Bg7 8. e5 Nfd7 9. exd6 O-O 10. Be3 Nf6 11. Qd2 Nc6 12. O-O-O Bf5 13. Bd3 {[%emt 0:10:37] And now Bxf5 would win.} Qxd6 14. Bxf5 Qxd2+ 15. Rxd2 gxf5 16. Rhd1 e6 17. g3 b5 18. Kb1 (18. Re2 $11 {remains equal.}) 18... Rfc8 19. Ne2 {[%emt 0:00:10] [#]} Ne4 ({Better is} 19... b4 $1 $17) 20. Rd7 $11 Nf6 21. R7d2 Ne4 (21... b4 $15) 22. Rd7 Nf6 23. R7d2 {Weighted Error Value: White=0.14 (very precise) /Black=0.22 (precise) .  Mistake:       	White=1     	Black=2      Inaccurate:     	White=3     	Black=1      OK:         	White=5     	Black=7      Best:        	White=3     	---} 1/2-1/2

[Event "ESP-ch Teams Honor 2024"]
[Site "Melilla"]
[Date "2024.10.13"]
[Round "2.3"]
[White "Suarez Garcia, Carlos"]
[Black "Henderson de La Fuente, Lance"]
[Result "1/2-1/2"]
[ECO "A14"]
[WhiteElo "2441"]
[BlackElo "2525"]
[Annotator "TA"]
[PlyCount "73"]
[EventDate "2024.10.11"]
[EventType "team-tourn"]
[EventCountry "ESP"]
[SourceTitle "playchess.com"]
[Source "ChessBase"]
[SourceQuality "1"]
[WhiteTeam "Sestao"]
[BlackTeam "Solvay"]
[TimeControl "5400+30"]

1. c4 Nf6 2. g3 e6 3. Bg2 d5 4. Nf3 Be7 5. O-O O-O 6. b3 a5 7. Nc3 c6 8. d4 b6 9. Bb2 Ba6 10. Nd2 b5 11. Qc2 Nbd7 12. Rfe1 Rb8 13. c5 b4 14. Na4 Bb5 15. a3 Qc7 16. axb4 axb4 17. e4 dxe4 18. Nxe4 Nxe4 19. Bxe4 Nf6 20. Nb6 Nxe4 21. Rxe4 Rfd8 22. Rg4 {[%emt 0:05:06][%cal Od4d5] [#] Strongly threatening d5!} (22. Bc1 {looks sharper.} Bxc5 23. Rh4 Bxb6 24. Bf4) 22... h5 (22... f5 $5 23. Rf4 $8 Bg5 $11) 23. Rf4 e5 24. Re4 (24. dxe5 Bd3 25. Qd2 (25. Qc1 Bg5 $19) 25... Bxc5 $17) 24... Bf6 ({Black should try} 24... Bxc5 $11 25. Qxc5 (25. dxc5 Bd3 $17) 25... Qxb6 26. Qxe5 Re8) 25. dxe5 (25. Rae1 $1 $14) 25... Bd3 $11 26. Qc1 Bg5 27. Qxg5 Bxe4 28. Re1 Bf3 29. e6 fxe6 30. Be5 {[%emt 0:00:28] The board is on fire.} Qf7 31. Bxb8 Rxb8 32. Qe5 Rd8 33. Nc4 $1 Bd5 {[%emt 0:01:49] White must now prevent ...Qf3.} 34. Ne3 Bxb3 {[%emt 0:01:14] ...Qf3 would now be deadly.} 35. Rb1 {[%emt 0:01:08] [#]} (35. Qe4 $11) 35... Bd5 $2 ({Much weaker is} 35... Rd2 $6 36. Qb8+ Kh7 37. f4 $11) ({Better is} 35... Qf3 $1 $19 {aiming for ...Ba2.} 36. h3 (36. Rxb3 $2 {loses.} Rd1+ 37. Nxd1 Qxd1+ 38. Kg2 Qxb3 $19) 36... Ba2) 36. Rxb4 Qf3 37. Nxd5 {[%emt 0:00:27] Weighted Error Value: White=0.13 (very precise) /Black=0.14 (very precise) .  Missed win:     	---       	Black=1      Mistake:       	White=2     	Black=1      Inaccurate:     	White=2     	Black=2      OK:         	White=10    	Black=13     Best:        	White=1     	Black=2      Strong:       	White=1     	---} 1/2-1/2

[Event "ESP-ch Teams Honor 2024"]
[Site "Melilla"]
[Date "2024.10.13"]
[Round "2.4"]
[White "Korneev, Oleg"]
[Black "Del Rio De Angelis, Salvador G."]
[Result "1/2-1/2"]
[ECO "B01"]
[WhiteElo "2454"]
[BlackElo "2387"]
[Annotator "TA"]
[PlyCount "69"]
[EventDate "2024.10.11"]
[EventType "team-tourn"]
[EventCountry "ESP"]
[SourceTitle "playchess.com"]
[Source "ChessBase"]
[SourceQuality "1"]
[WhiteTeam "Solvay"]
[BlackTeam "Sestao"]
[TimeControl "5400+30"]

1. e4 d5 2. exd5 Qxd5 3. Nc3 Qa5 4. d4 Nf6 5. Nf3 c6 6. Bd2 Bf5 {[%emt 0:00:22] [#]} 7. Ne4 $1 {[%emt 0:00:18] B01: Scandinavische Verdediging.} Qd5 {[%emt 0:00:28] Onnauwkeurig} (7... Qb6 8. Nxf6+) 8. Nxf6+ exf6 9. c4 Qd7 $146 ({Predecessor:} 9... Qe6+ 10. Be3 Bb4+ 11. Nd2 O-O 12. a3 Ba5 13. b4 Bc7 14. Nb3 Nd7 15. Bd3 Bg4 {1-0 Korneev,V-Sharafutdinova,S Lipetsk Region-ch op 2008 (4)}) 10. Bc3 {[%emt 0:02:06] OK} Be7 11. Bd3 Bxd3 {[%emt 0:06:32] OK} 12. Qxd3 Qe6+ {[%emt 0:00:10] Onnauwkeurig} 13. Kd2 {[%emt 0:09:18] Hoopt vervolgens op Nh4. Onnauwkeurig} O-O 14. Rhe1 {[%emt 0:00:05] OK} Qd7 {[%emt 0:00:08] OK} 15. Ke2 {[%emt 0:06:07] OK} Na6 16. Kf1 {[%emt 0:00:26] OK} Rfd8 17. Rad1 Nc7 {[%emt 0:00:47] OK} 18. b3 Bf8 19. h3 Qd6 20. a4 Re8 {[%emt 0:02:35] OK} 21. g3 {[%emt 0:04:39] OK} b6 {[%emt 0:04:58] OK} 22. Kg2 {[%emt 0:00:15] OK} a6 23. Rxe8 Rxe8 24. Bd2 {[%emt 0:00:29][%cal Od4d5,Bc3d2,Bd2f4,Bf4e3][%mdl 32] EV=16.45} Qd7 {[%emt 0:03:04] Onnauwkeurig} 25. Bf4 {[%emt 0:00:21] Onnauwkeurig} Bd6 {[%emt 0:01:19] Fout (0.5)} (25... Ne6 $14) 26. Be3 $16 {[%emt 0:18:18] Dreigt te winnen met c5. OK} Rd8 {[%emt 0:14:27] Onnauwkeurig} 27. d5 {[%emt 0:05:04] Tegen Ne6. En nu zou dxc6 winnen. OK} c5 {[%emt 0:00:06] OK} 28. Qd2 a5 {[%emt 0:07:30] OK} 29. Bf4 (29. Ng1 $5 {is scherper.} Qf5 30. Ne2 h5 31. f3) 29... Re8 {[%emt 0:04:15] OK} 30. Bxd6 {[%emt 0:00:58] OK} Qxd6 31. Re1 {[%emt 0:00:09] Fout (0.5)} (31. Ng1 $16) 31... Kf8 $14 {[%emt 0:01:50] OK} 32. Re3 {[%emt 0:04:21] Onnauwkeurig} {Zwart zou moeten spelen} g6 {[%emt 0:02:00] Fout (0.6)} (32... Rxe3 $14 33. Qxe3 g6) {Wit zou moeten spelen} 33. Qe2 {[%emt 0:00:21] Fout (0.6)} (33. g4 $16) 33... h5 {[%emt 0:01:19] OK} {Beter is} 34. h4 {[%emt 0:02:33] Fout (0.9)} (34. Nd2 $16) {Zwart kan overwegen om te spelen.} 34... Re7 {[%emt 0:01:11] Fout (0.5)} (34... Rxe3 $11 35. Qxe3 Ne8) 35. Nd2 {[%emt 0:03:42] Blunder waarde: Wit=0.16 (erg precies) /Zwart=0.14 (erg precies) . OK.  Fout:        	Wit=3      	Zwart=3      Onnauwkeurig:    	Wit=3      	Zwart=4      OK:         	Wit=10     	Zwart=10} 1/2-1/2

[Event "ESP-ch Teams Honor 2024"]
[Site "Melilla"]
[Date "2024.10.13"]
[Round "2.5"]
[White "Trigo Urquijo, Sergio"]
[Black "Javakhishvili, Lela"]
[Result "0-1"]
[ECO "E48"]
[WhiteElo "2384"]
[BlackElo "2425"]
[Annotator "TA"]
[PlyCount "62"]
[EventDate "2024.10.11"]
[EventType "team-tourn"]
[EventCountry "ESP"]
[SourceTitle "playchess.com"]
[Source "ChessBase"]
[SourceQuality "1"]
[WhiteTeam "Sestao"]
[BlackTeam "Solvay"]
[TimeControl "5400+30"]

1. d4 Nf6 2. c4 e6 3. Nc3 Bb4 4. e3 O-O 5. Bd3 d5 6. a3 Be7 7. Nf3 dxc4 8. Bxc4 c5 9. O-O a6 {[%emt 0:00:22] E51: Nimzo-Indisch: Rubinstein: 4...0-0 5 Pf3 d5.} 10. dxc5 {[%emt 0:07:40] OK} Bxc5 11. b4 {[%emt 0:06:26] 11.Qe2 verdient nadere bestudering.} Be7 {[%emt 0:00:31] OK. De stelling is in evenwicht.} 12. Qe2 b5 13. Bb3 Bb7 {[%emt 0:08:26] OK} 14. e4 {[%emt 0:05:36] Fout (0.5)} (14. Bb2 $11) 14... Qc7 $15 {[%emt 0:10:09] OK} 15. Bd2 Nbd7 $146 ({Predecessor:} 15... Rd8 16. Rac1 Qd7 17. Rfd1 Qe8 18. e5 Nd5 19. Ne4 Nd7 20. Bg5 Bxg5 21. Nd6 Qe7 22. Nxg5 Qxg5 23. Nxb7 {½-½ Baumbach,F (2228)-Ditmas,H (1974) GER-chT Seniors 25th 2016 (1.23)}) 16. Rac1 {[%emt 0:02:16][%cal Rc3b5] OK} Qb8 {[%emt 0:09:27] Beste (Gemakkelijk)} 17. Rfe1 Rd8 {[%emt 0:01:48] OK} 18. Bg5 {[%emt 0:10:33] OK} Ne5 {[%emt 0:01:32] OK} {Wit zou moeten proberen} 19. Nxe5 {[%emt 0:11:45] Fout (0.6)} (19. Bf4 $11 Bd6 20. Nxe5 Bxe5 21. Bxe5 Qxe5 22. f3) 19... Qxe5 20. f4 {[%emt 0:00:19] Fout (0.9)} (20. Qe3 $1 $15) 20... Qd4+ $17 {[%emt 0:00:34] Beste (Gemakkelijk)} 21. Qe3 {[%emt 0:00:29] OK} Qxe3+ {[%emt 0:04:58] OK} (21... Bxe4 $2 22. Nxe4 Rd7 23. Qxd4 Rxd4 24. Bxf6 Bxf6 25. Nxf6+ gxf6 26. f5 $18) 22. Rxe3 {Zwart zou moeten proberen} h6 {[%emt 0:04:29] Fout (0.6)} (22... Rd2 {Dreigt te winnen met ...h6.} 23. Rc2 Rxc2 24. Bxc2 Rc8) {Beter is} 23. Bh4 {[%emt 0:01:30] Fout (0.6)} (23. Bxf6 Bxf6 (23... gxf6 24. a4 $17) 24. e5) 23... Rd7 24. Be1 {[%emt 0:07:01] [#] was nodig. Fout (1.2)} (24. Rh3 $17) 24... Bd8 $1 $19 {[%emt 0:02:31] Hoopt vervolgens op ...Bb6. OK} 25. Re2 Rc8 {[%emt 0:01:15] OK} 26. e5 {[%emt 0:06:07] gaat door met vechten. Fout (1.2)} (26. Rec2) 26... Bb6+ {[%emt 0:09:39] Beste} 27. Bf2 {[%emt 0:01:06] Zou voordelig kunnen zijn. Fout (1.8)} (27. Kf1 Ng4 28. Bd2) 27... Bxf2+ {[%emt 0:00:11] OK} 28. Kxf2 Ng4+ {[%emt 0:04:30] OK} 29. Kg3 {[%emt 0:01:48] OK} h5 {[%emt 0:00:26] OK} ({Minder sterk is} 29... Nxe5 30. Rxe5 (30. fxe5 $2 {slaat de verkeerde figuur.} Rd3+ 31. Kf2 Rdxc3 $19) 30... Rd3+ 31. Kf2 Rdxc3 (31... Rcxc3 32. Rxc3 Rxc3 33. Re3 $17) 32. Rxc3 Rxc3 33. Re3 $17) 30. Rec2 {[%emt 0:03:38][%cal Oc3e4] Onnauwkeurig} Rd3+ 31. Kh4 {[%emt 0:00:08][%cal Oc3b5] Onnauwkeurig} Ne3 {[%emt 0:00:15] Blunder waarde: Wit=0.49/Zwart=0.22 (precies) .  Fout:        	Wit=7      	Zwart=1      Onnauwkeurig:    	Wit=2      	---        OK:         	Wit=5      	Zwart=11     Beste:        	---       	Zwart=3} (31... Nxh2 32. Nxb5 Rxc2 33. Bxc2 $11) 0-1

[Event "ESP-ch Teams Honor 2024"]
[Site "Melilla"]
[Date "2024.10.13"]
[Round "2.6"]
[White "Tejedor Fuente, Enrique"]
[Black "Ambartsumova, Karina"]
[Result "1/2-1/2"]
[ECO "C88"]
[WhiteElo "2400"]
[BlackElo "2402"]
[Annotator "RC"]
[PlyCount "164"]
[EventDate "2024.10.11"]
[EventType "team-tourn"]
[EventCountry "ESP"]
[SourceTitle "playchess.com"]
[Source "ChessBase"]
[SourceQuality "1"]
[WhiteTeam "Solvay"]
[BlackTeam "Sestao"]
[TimeControl "5400+30"]

1. e4 e5 2. Nf3 Nc6 3. Bb5 a6 4. Ba4 Nf6 5. O-O Be7 6. Re1 b5 7. Bb3 O-O 8. h3 Bb7 9. d3 d5 10. exd5 Nxd5 11. Nc3 Nxc3 12. bxc3 Bf6 13. Nd2 Na5 14. Ba3 Re8 15. Ne4 Be7 16. Qh5 Nxb3 17. Bxe7 Qxe7 18. axb3 a5 19. d4 f6 20. dxe5 fxe5 21. Ng5 h6 22. Nf3 Bxf3 23. Qxf3 e4 24. Qe2 Qc5 25. Qe3 Qxe3 26. Rxe3 a4 27. c4 c6 28. cxb5 cxb5 29. bxa4 bxa4 30. Rea3 Rec8 31. Rxa4 Rxa4 32. Rxa4 Rxc2 33. Rxe4 Kf7 34. Rf4+ Kg6 35. Kh2 Rc3 36. Rg4+ Kf6 37. Rg3 Rc2 38. Rf3+ Kg6 39. Kg3 Ra2 40. Rb3 Kf6 41. Rb8 Ra3+ 42. f3 Ra2 43. Rf8+ Ke7 44. Rf4 Rb2 45. h4 h5 46. Kh3 g6 47. Ra4 Kf6 48. Ra5 Rf2 49. Rg5 Rf1 50. Ra5 Rf2 51. Kg3 Rb2 52. Ra6+ Kf7 53. Ra5 Kf6 54. Rc5 Ra2 55. Rc6+ Kf7 56. Rb6 Rc2 57. Kh3 Rf2 58. Rb3 Kf6 59. g3 Kf7 60. Ra3 Kf6 61. Rb3 Kg7 62. g4 hxg4+ 63. Kxg4 Rg2+ 64. Kf4 Rh2 65. Rb7+ Kh6 66. Kg4 Rg2+ 67. Kh3 Rg1 68. Rb4 Kh5 69. Rb8 Kh6 70. Kh2 Rf1 71. Kg2 Ra1 72. Rb5 Rc1 73. Rg5 Ra1 74. f4 Ra2+ 75. Kh3 Rf2 76. Kg3 Rf1 77. Rc5 Rg1+ 78. Kf3 Rf1+ 79. Ke3 Rh1 80. Rc8 Kg7 81. Ke4 Rxh4 82. Rc7+ Kf6 1/2-1/2